 Dungeon Crawl Stone Soup version 0.19.5 (webtiles) character file.

5074 JeffiDaFish the Blocker (level 10, -1/61 HPs)
             Began as a Gargoyle Fighter on May 2, 2017.
             Slain by an ogre
             ... wielding a +0 giant club
              (15 damage)
             ... on level 9 of the Dungeon on May 3, 2017.
             The game lasted 00:22:50 (8392 turns).

JeffiDaFish the Blocker (Gargoyle Fighter)          Turns: 8392, Time: 00:22:51

Health: -1/61      AC: 19    Str: 20    XL:     10   Next: 56%
Magic:  10/10      EV: 10    Int: 11    God:
Gold:   269        SH: 17    Dex: 12    Spells: 0 memorised, 9 levels left

rFire  . . .     SeeInvis .     a - +1 flail
rCold  . . .     Gourm    .     e - +1 chain mail
rNeg   + . .     Faith    .     c - +1 shield
rPois  ∞         Spirit   .     (no helmet)
rElec  +         Reflect  +     p - +0 cloak
rCorr  .         Harm     .     (no gloves)
MR     +....                    (no boots)
Stlth  ..........               i - +4 amulet of reflection
                                x - ring of protection from magic
                                h - +2 ring of evasion

@: no status effects
A: clever 1, negative energy resistance 1, electricity resistance, unbreathing,
petrification resistance, rot immunity, AC +7
a: no special abilities


You were on level 9 of the Dungeon.
You were hungry.

You visited 1 branch of the dungeon, and saw 9 of its levels.
You also visited: Sewer and Ossuary.

You collected 269 gold pieces.

Inventory:

Hand Weapons
 a - a +1 flail (weapon)
Armour
 c - a +1 shield (worn)
 e - a +1 chain mail (worn)
 p - a +0 cloak (worn)
Jewellery
 h - a +2 ring of evasion (left hand)
 i - a +4 amulet of reflection (around neck)
 m - an uncursed ring of protection from cold
 x - a ring of protection from magic (right hand)
Scrolls
 l - 2 scrolls of identify
 n - 5 scrolls of enchant weapon
 q - 3 scrolls of teleportation
 s - a scroll of blinking
 t - 3 scrolls of remove curse
 u - a scroll of fog
Potions
 d - 5 potions of might
 r - a potion of magic
 v - a potion of cure mutation
Comestibles
 f - 10 bread rations
 g - a meat ration
 j - 7 fruits
 k - 7 beef jerkies
 o - 4 royal jellies
 w - a slice of pizza


   Skills:
 + Level 6.8 Fighting
 + Level 9.4 Maces & Flails
 + Level 6.6 Armour
 + Level 2.5 Dodging
 + Level 0.2 Stealth
 + Level 10.3 Shields


You had 9 spell levels left.
You didn't know any spells.

Dungeon Overview and Level Annotations

Branches:
Dungeon (9/15)             Temple (0/1) D:4            Lair (0/6) D:8
    Orc: D:9-12

Altars:
Qazlal
Ru
Xom

Annotations:
D:5 1 runed door


Innate Abilities, Weirdness & Mutations

You are resistant to torment.
Your stone body is resilient. (AC +7)
You are immune to poison.
You resist negative energy. (rN+)
You are resistant to electric shocks. (rElec)
You can survive without breathing.
You are immune to petrification.
You are immune to rotting.
Your mind is acute. (Int +2)


Message History

You kill the orc priest!
You block the orc wizard's attack.
You feel better. The orc wizard barely misses you. You block the orc's attack.
An ogre comes into view. It is wielding a giant club.
The orc wizard misses you.
The ogre moves out of view.
The orc wizard mumbles some strange words.
The orc wizard seems to speed up.
You see here 11 arrows.
You block the orc's attack.
There is a stone staircase leading down here.
You block the orc's attack.
You see here a bullfrog corpse.
You sock the ogre!
The ogre is heavily wounded.
You block the ogre's attack.
You hit the ogre.
The ogre is heavily wounded.
The orc wizard gestures wildly while chanting.
The orc wizard blinks!
The ogre hits you with a giant club!
You die...

... ... .#..... .(.
.#..... !...
#######......
.....##..... ......
.....#..#o###...# .
.......[@O......##..
##......###o.o......
...##.#..#..<.......
. #.##............
#...............
###..##...........
#....##..>........
#.##o##.........>. #
#..#..........o


You could see an ogre, an orc wizard and 2 orcs.

Vanquished Creatures
  Erica (D:8)
  Joseph (D:7)
  The ghost of ibes the Slasher, an amateur DDBe of Trog (D:3)
  A hungry ghost (D:7)
  2 steam dragons
  A soldier ant (D:5)
  A sky beast (D:7)
  2 black bears
  An ice beast (D:7)
  2 ogres (D:7)
  4 centaurs (D:7)
  2 elf zombies (Ossuary)
  2 bullfrogs
  15 killer bees
  4 wights (D:8)
  2 howler monkeys
  A centaur zombie (D:7)
  A quasit (D:7)
  2 bullfrog zombies
  A crimson imp (D:8)
  A centaur skeleton (D:4)
  An orc priest (D:9)
  10 hounds
  3 orc wizards
  Crazy Yiuf (D:7)
  A human zombie (Ossuary)
  A jelly (D:6)
  4 iguanas
  10 worker ants
  A big kobold zombie (Ossuary)
  3 hound skeletons
  A hound zombie (D:4)
  2 mummies (Ossuary)
  12 adders
  4 gnolls (D:7)
  7 river rats
  An ooze (D:3)
  3 adder skeletons
  An adder zombie (D:7)
  4 worms
  5 leopard geckos
  13 orcs
  5 ball pythons
  6 giant cockroaches
  7 goblins
  8 hobgoblins
  4 jackals
  3 quokkas
  7 bats
  14 frilled lizards
  A goblin zombie (Ossuary)
  8 hobgoblin zombies (Ossuary)
  2 jackal zombies (Ossuary)
  4 kobolds
  16 kobold zombies (Ossuary)
  6 orc zombies (Ossuary)
  18 rats
  A butterfly (D:5)
246 creatures vanquished.

Vanquished Creatures (others)
  5 fungi
5 creatures vanquished.

Grand Total: 251 creatures vanquished

Notes
Turn   | Place    | Note
-------+----------+-------------------------------------------
     0 | D:1      | JeffiDaFish the Gargoyle Fighter began the quest for the Orb.
     0 | D:1      | Reached XP level 1. HP: 14/14 MP: 1/1
   350 | D:1      | Reached XP level 2. HP: 19/19 MP: 2/2
   684 | D:2      | Reached XP level 3. HP: 16/24 MP: 3/3
  1037 | D:2      | Reached XP level 4. HP: 9/29 MP: 4/4
  1434 | D:2      | Found a faded altar of an unknown god.
  1746 | D:3      | Reached skill level 4 in Shields
  1798 | D:3      | Noticed ibes's ghost (amateur DDBe)
  1814 | D:3      | Killed ibes's ghost
  1814 | D:3      | Reached XP level 5. HP: 12/33 MP: 5/5
  2209 | D:3      | Reached XP level 6. HP: 29/38 MP: 6/6
  2580 | D:4      | Reached skill level 5 in Shields
  2662 | D:4      | Found a staircase to the Ecumenical Temple.
  2699 | D:4      | Noticed a black bear
  2713 | D:4      | Killed a black bear
  2713 | D:4      | Reached skill level 1 in Dodging
  2924 | D:4      | Reached XP level 7. HP: 44/44 MP: 7/7
  3083 | D:4      | Reached skill level 5 in Maces & Flails
  3118 | D:4      | Found a glowing drain.
  3127 | Sewer    | Entered a sewer
  3259 | Sewer    | Reached skill level 5 in Fighting
  3722 | D:5      | Entered Level 5 of the Dungeon
  3924 | D:5      | Found a sand-covered staircase.
  3929 | Ossuary  | Entered an ossuary
  4077 | Ossuary  | Reached XP level 8. HP: 42/49 MP: 8/8
  4083 | Ossuary  | Reached skill level 6 in Shields
  4342 | D:5      | Gained mutation: Your mind is acute. (Int +2) [potion of beneficial mutation]
  4510 | D:5      | Found a runed door.
  4521 | D:5      | Found a runed door.
  4583 | D:5      | Reached skill level 5 in Armour
  4590 | D:5      | Reached skill level 7 in Shields
  5088 | D:6      | Found a stormy altar of Qazlal.
  5423 | D:6      | Reached XP level 9. HP: 45/55 MP: 9/9
  5595 | D:7      | Noticed Joseph
  5641 | D:7      | Killed Joseph
  5811 | D:7      | Reached skill level 8 in Shields
  5839 | D:7      | Found a sacrificial altar of Ru.
  5939 | D:7      | Found a shimmering altar of Xom.
  6084 | D:7      | HP: 1/55 [steam dragon/ball of steam (16)]
  6100 | D:7      | HP: 2/55 [gnoll/flail (2)]
  6705 | D:7      | Reached skill level 9 in Shields
  6853 | D:7      | Found a runed door.
  6857 | D:7      | Noticed Crazy Yiuf
  6862 | D:7      | Killed Crazy Yiuf
  6862 | D:7      | Reached XP level 10. HP: 30/61 MP: 10/10
  7616 | D:8      | Noticed Erica
  7632 | D:8      | Killed Erica
  7632 | D:8      | Reached skill level 10 in Shields
  8036 | D:8      | Found a staircase to the Lair.
  8392 | D:9      | Slain by an ogre

Skill      XL: |  1  2  3  4  5  6  7  8  9 10 |
---------------+-------------------------------+-----
Shields        | 4 5 7 9 10 | 10.3
Fighting       | 4 5 6 |  6.8
Maces & Flails | 3 4 5 6 8 9 |  9.4
Armour         | 4 5 6 |  6.6
Dodging        | 1 2 |  2.5
Stealth        | |  0.2

Action                   |  1- 3 |  4- 6 |  7- 9 | 10-12 || total
-------------------------+-------+-------+-------+-------++-------
Melee: Flail             |   153 |   173 |   829 |   198 ||  1353
  Use: Scroll            |     5 |     7 |     6 |     1 ||    19
       Potion            |     1 |     2 |    10 |     1 ||    14
  Eat: Chunk             |     1 |     6 |    15 |     1 ||    23
       Meat ration       |       |       |       |     1 ||     1
Armor: Scale mail        |     9 |       |       |       ||     9
       Chain mail        |   110 |   125 |   341 |    75 ||   651
Dodge: Dodged            |    47 |    63 |   213 |    51 ||   374
Block: Shield            |    94 |   109 |   724 |   189 ||  1116
       Reflection        |       |       |     2 |     1 ||     3
